 Dungeon Crawl Stone Soup version 0.29-a0-1027-gcd8c55af63 (webtiles) character file.

Game seed: 13642490973251072073

2081 siradein the Carver (level 9, -11/121 HPs)
             Began as a Minotaur Berserker on Aug 12, 2022.
             Was an Elder of Trog.
             Mangled by an orc warrior
             ... wielding a +0 battleaxe
              (13 damage)
             ... on level 7 of the Dungeon.
             The game lasted 00:22:46 (6602 turns).

siradein the Carver (Minotaur Berserker)            Turns: 6602, Time: 00:22:46

Health: -11/121    AC: 14    Str: 21    XL:     9   Next: 6%
Magic:  8/8        EV: 11    Int:  4    God:    Trog [****..]
Gold:   502        SH:  0    Dex: 15    Spells: 8/8 levels left

rFire   . . .      SeeInvis .   a - +0 falchion
rCold   + . .      Faith    +   (no shield)
rNeg    . . .      Spirit   .   w - +0 chain mail
rPois   .          Reflect  .   (helmet restricted)
rElec   .          Harm     .   r - scarf {repulsion}
rCorr   .          Rampage  .   (no gloves)
Will    .....                   c - +2 pair of boots
Stlth   ..........              C - amulet of faith
HPRegen 0.30/turn               s - ring of protection from cold
MPRegen 0.11/turn               (no ring)

@: berserking, lethally poisoned (-11 -> -22), repel missiles, unable to read,
very quick
A: horns 2, retaliatory headbutt, inability to read while threatened 1
a: Renounce Religion, Berserk, Trog's Hand, Brothers in Arms


You were on level 7 of the Dungeon.
You worshipped Trog.
Trog was greatly pleased with you.
You visited 1 branch of the dungeon, and saw 7 of its levels.
You also visited: Sewer and Ossuary.

You collected 502 gold pieces.

Inventory:

Hand Weapons
 a - a +0 falchion (weapon)
Missiles
 b - 2 boomerangs (quivered)
 E - 4 throwing nets
Armour
 c - a +2 pair of boots (worn)
 r - a scarf of repulsion (worn)
 w - a +0 chain mail (worn)
Jewellery
 s - a ring of protection from cold (left hand)
 C - an amulet of faith (around neck)
Wands
 q - a wand of roots (10)
Scrolls
 d - 3 scrolls of poison {unknown}
 e - 4 scrolls of blinking
 h - 2 scrolls of noise {unknown}
 j - a scroll of vulnerability
 l - a scroll of acquirement
 n - 2 scrolls of magic mapping {unknown}
 t - 4 scrolls of teleportation
 x - a scroll of summoning {unknown}
 y - 2 scrolls of enchant armour {unknown}
 z - 3 scrolls of butterflies {unknown}
 D - 2 scrolls of fear
 G - a scroll of immolation {unknown}
Potions
 f - a potion of might {unknown}
 g - 2 potions of degeneration {unknown}
 i - a potion of resistance
 k - 3 potions of heal wounds
 m - a potion of berserk rage {unknown}
 o - 5 potions of curing
 p - 3 potions of attraction {unknown}
 u - 3 potions of brilliance {unknown}
 v - a potion of lignification {unknown}
 B - a potion of cancellation {unknown}
 F - a potion of ambrosia {unknown}


   Skills:
 + Level 8.0 Fighting
 + Level 8.1 Long Blades
 + Level 7.5 Armour
 + Level 6.8 Dodging


You had 8 spell levels left.
You didn't know any spells.
Your spell library was empty.

Dungeon Overview and Level Annotations

Branches:
Dungeon (7/15)             Temple (0/1) D:4           Sewer (visited)
Ossuary (visited)

Altars:
Gozag
Hepliaklqana
Wu Jian


Innate Abilities, Weirdness & Mutations

You have a pair of horns on your head.
You reflexively headbutt those who attack you in melee.
You occasionally lose the ability to read scrolls when taking damage.


Message History

You slash the orc priest! Your headbutt misses the orc priest.
The orc priest is heavily wounded.
You feel sick.
The orc priest hits you but does no damage.
The orc priest miscasts a cantrip.
The orc warrior closely misses you.
You barely miss the orc priest.
The orc priest is heavily wounded.
The orc priest hits you but does no damage. x2
You are more poisoned.
The orc warrior hits you with a +0 battleaxe!
* * * LOW HITPOINT WARNING * * *
You closely miss the orc priest.
The orc priest is heavily wounded.
You feel sick.
You completely miss the orc priest.
The orc priest is heavily wounded.
You feel sick. The orc priest barely misses you. You furiously retaliate!
You headbutt the orc priest.
The orc priest hits you but does no damage.
You are lethally poisoned!
The orc warrior closely misses you. You furiously retaliate!
You headbutt the orc warrior! You slash the orc priest!
You kill the orc priest!
Trog accepts your kill.
* * * LOW HITPOINT WARNING * * *
You feel very sick.
Your Fighting skill increases to level 8!
You slash the orc priest! You headbutt the orc priest.
You kill the orc priest!
Trog accepts your kill.
* * * LOW HITPOINT WARNING * * *
You feel sick. The orc warrior closely misses you.
You slash the orc warrior!
The orc warrior is severely wounded.
* * * LOW HITPOINT WARNING * * *
You feel sick.
The orc warrior hits you with a +0 battleaxe!
You die...

........## #######..#
##........ .........#
#......... .........#
#.........
.........###.........
..........##........$
........<.##.........
##....###.##.)o......
##.## #..#)@)......
#. ##.#......... #
#...........
.........###.#####
........... >..
.########....>...
..#.#.## ..# #.# ..#


You could see an orc warrior.

Vanquished Creatures
  Sigmund (D:5)
  A steam dragon (D:6)
  Pargi (Sewer)
  2 black bears
  An ogre (D:6)
  A centaur (D:6)
  2 phantoms
  A kobold brigand (D:6)
  An elf zombie (Ossuary)
  A bullfrog (D:6)
  3 scorpions (D:5)
  2 human zombies (Ossuary)
  A centaur zombie (Ossuary)
  3 jellies
  3 orc priests
  A gnoll bouda (D:6)
  2 hounds (D:5)
  Natasha (D:4)
  3 iguanas
  2 mummies (Ossuary)
  5 adders
  14 gnolls
  A shadow imp (D:5)
  2 ufetubi (D:5)
  A worm (D:4)
  5 dart slugs
  12 orcs
  7 ball pythons
  8 endoplasms
  12 giant cockroaches
  5 goblins
  6 hobgoblins
  7 jackals
  3 quokkas
  4 frilled lizards
  2 goblin zombies (Ossuary)
  12 hobgoblin zombies (Ossuary)
  A jackal zombie (Ossuary)
  9 kobolds
  8 kobold zombies (Ossuary)
  6 orc zombies (Ossuary)
  9 rats
  3 rat zombies (Ossuary)
175 creatures vanquished.

Notes
Turn   | Place    | Note
-------+----------+-------------------------------------------
     0 | D:1      | siradein the Minotaur Berserker began the quest for the
                  | Orb.
     0 | D:1      | Reached XP level 1. HP: 19/19 MP: 0/0
   232 | D:1      | Reached XP level 2. HP: 27/27 MP: 1/1
   298 | D:1      | Reached XP level 3. HP: 7/33 MP: 2/2
   724 | D:1      | Found a faded altar of an unknown god.
   908 | D:1      | You fall into a shaft and drop 1 floor!
   970 | D:2      | Reached ** piety under Trog
  1108 | D:1      | Reached XP level 4. HP: 19/40 MP: 3/3
  2883 | D:4      | Reached XP level 5. HP: 47/47 MP: 4/4
  3043 | D:4      | Found a staircase to the Ecumenical Temple.
  3066 | D:4      | Found an opulent altar of Gozag.
  3131 | D:4      | Noticed a black bear
  3142 | D:4      | Killed a black bear
  3143 | D:4      | Reached skill level 5 in Fighting
  3143 | D:4      | Reached skill level 5 in Long Blades
  3143 | D:4      | Reached XP level 6. HP: 56/56 MP: 5/5
  3253 | D:4      | Noticed Natasha
  3272 | D:4      | Killed Natasha
  3450 | D:4      | Identified a scroll of acquirement
  3735 | D:5      | Entered Level 5 of the Dungeon
  3781 | D:5      | Reached XP level 7. HP: 48/61 MP: 6/6
  3788 | D:5      | Reached skill level 5 in Armour
  3809 | D:5      | Identified the +9 whip "Cenesia" {vorpal, *Rage *Noise rC++
                  | Will+++}
  3943 | D:5      | Noticed Sigmund
  3962 | D:5      | Killed Sigmund
  4001 | D:5      | Found a sand-covered staircase.
  4014 | Ossuary  | Entered an ossuary
  4113 | Ossuary  | Reached *** piety under Trog
  4270 | Ossuary  | Reached skill level 5 in Dodging
  4579 | D:5      | Found a hazy altar of Hepliaklqana.
  4757 | D:5      | Reached XP level 8. HP: 68/71 MP: 7/7
  4799 | D:5      | Reached **** piety under Trog
  5734 | D:6      | Found a glowing drain.
  5756 | Sewer    | Entered a sewer
  5796 | Sewer    | Noticed Pargi
  5802 | Sewer    | Killed Pargi
  6013 | D:6      | Found an ornate altar of the Wu Jian Council.
  6359 | D:6      | Reached XP level 9. HP: 81/81 MP: 8/8
  6531 | D:6      | Gained mutation: You are weak. (Str -2) [potion of
                  | mutation]
  6532 | D:6      | Lost mutation: You are weak. (Str -2) [potion of mutation]
  6532 | D:6      | Gained mutation: You are strong-willed. (Will+) [potion of
                  | mutation]
  6532 | D:6      | Gained mutation: You are dopey. (Int -2) [potion of
                  | mutation]
  6532 | D:6      | Gained mutation: You passively map a small area around you.
                  | [potion of mutation]
  6533 | D:6      | Lost mutation: You are strong-willed. (Will+) [potion of
                  | mutation]
  6533 | D:6      | Lost mutation: You passively map a small area around you.
                  | [potion of mutation]
  6533 | D:6      | Lost mutation: You are dopey. (Int -2) [potion of mutation]
  6533 | D:6      | Gained mutation: Armour fits poorly on your strangely
                  | shaped body. [potion of mutation]
  6533 | D:6      | Gained mutation: You possess an exceptional clarity of
                  | mind. [potion of mutation]
  6534 | D:6      | Lost mutation: Armour fits poorly on your strangely shaped
                  | body. [potion of mutation]
  6534 | D:6      | Lost mutation: You possess an exceptional clarity of mind.
                  | [potion of mutation]
  6534 | D:6      | Gained mutation: Your movements are slightly less
                  | encumbered by armour. (ER -2) [potion of mutation]
  6534 | D:6      | Lost mutation: Your movements are slightly less encumbered
                  | by armour. (ER -2) [potion of mutation]
  6534 | D:6      | Gained mutation: You occasionally lose the ability to read
                  | scrolls when taking damage. [potion of mutation]
  6600 | D:7      | HP: 6/121 [poisoned by an orc priest]
  6602 | D:7      | HP: 2/121 [poisoned by an orc priest]
  6602 | D:7      | Mangled by an orc warrior

Illustrated notes

Levels and vault maps discovered:
D:1:      dpeg_arrival_another_circle, layout_loops_ring,
          nicolae_ecumenical_lake_church, serial_bayou_lagoon_a,
          roderic_lattice_a, minmay_box_of_dots
D:2:      layout_basic, kennysheep_generic_room_16
D:3:      layout_rooms
D:4:      layout_loops_cross, mainiacjoe_overflow_tiny_flanked,
          minmay_temple_entry_arrows, uniq_natasha
D:5:      layout_basic, amcnicky_altar_gilded, nicolae_ossuary_entry_monument,
          uniq_sigmund
D:6:      layout_basic, mainiacjoe_overflow_alcove_2, portal_sewer_entry_c,
          grunt_decor_one_mirror, kennysheep_generic_room_2
D:7:      layout_basic, nicolae_uskayaw_murder_on_the_dancefloor,
          nicolae_benzene_ring

Skill      XL: |  1  2  3  4  5  6  7  8  9 |
---------------+----------------------------+-----
Long Blades    | 4 5 6 8 |  8.1
Fighting       | 4 5 6 7 8 |  8.0
Armour         | 3 4 5 7 |  7.5
Dodging        | 3 4 5 6 |  6.8

Action                   |  1- 3 |  4- 6 |  7- 9 || total
-------------------------+-------+-------+-------++-------
Melee: Falchion          |    61 |   142 |   337 ||   540
       Headbutt          |    17 |    27 |    68 ||   112
       Punch             |     1 |       |     8 ||     9
Invok: Berserk           |     1 |     4 |     5 ||    10
       Trog's Hand       |       |     1 |       ||     1
  Use: Scroll            |       |     7 |     2 ||     9
       Potion            |       |       |     4 ||     4
 Stab: Sleeping          |       |     1 |       ||     1
Armor: Animal skin       |     2 |       |       ||     2
       Leather armour    |    16 |    27 |       ||    43
       Chain mail        |       |    13 |   191 ||   204
Dodge: Dodged            |    34 |    76 |   179 ||   289
       Repelled          |       |       |     1 ||     1

Table legend: (Time is in decaauts)
 A = Elapsed time spent in this place.
 B = Non-inter-level travel time spent in this place.
 C = Inter-level travel time spent in this place.
 D = Time resting spent in this place.
 E = Time spent auto-exploring this place.
 F = Levels seen in this place.
 G = Mean time per level.
                   A        B        C        D        E       F      G
               +--------+--------+--------+--------+--------+-----+--------+
         Total |   6674 |   6149 |    525 |    270 |   4416 |   9 |  741.6 |
       Dungeon |   5977 |   5452 |    525 |    270 |   4061 |   7 |  853.9 |
         Sewer |    169 |    169 |      0 |      0 |    111 |   1 |  169.0 |
       Ossuary |    528 |    528 |      0 |      0 |    244 |   1 |  528.0 |
               +--------+--------+--------+--------+--------+-----+--------+

Top non-repeatable levels by time:
     D:1: 1609 daAuts
     D:5: 1097 daAuts
     D:6: 1062 daAuts
     D:4: 930 daAuts
     D:2: 710 daAuts
     D:3: 533 daAuts
 Ossuary: 528 daAuts
   Sewer: 169 daAuts
     D:7: 33 daAuts
